 Dungeon Crawl Stone Soup version 0.30-a0-304-gdc4b735fe1 (webtiles) character file.

Game seed: 14485252796050695777

84 purpskrrrp the Chopper (level 4, -1/39 HPs)
             Began as a Hill Orc Fighter on Oct 20, 2022.
             Killed from afar by an orc wizard (4 damage)
             ... with a puff of flame
             ... on level 3 of the Dungeon.
             The game lasted 00:02:44 (1738 turns).

purpskrrrp the Chopper (Hill Orc Fighter)           Turns: 1738, Time: 00:02:45

Health: -1/39      AC:  6    Str: 20    XL:     4   Next: 45%
Magic:  13/13      EV: 10    Int:  8    God:
Gold:   112        SH:  4    Dex: 10    Spells: 3/3 levels left

rFire   . . .      SeeInvis .    a - +0 war axe
rCold   . . .      Faith    .    c - +0 buckler
rNeg    . . .      Spirit   .    o - +1 ring mail of Daxtaw {rElec rPois}
rPois   +          Reflect  .    (no helmet)
rElec   +          Harm     .    (no cloak)
rCorr   .          Rampage  .    (no gloves)
Will    .....                    (no boots)
Stlth   ..........               (no amulet)
HPRegen 0.26/turn                f - ring of magical power
MPRegen 0.13/turn                h - ring of flight

@: flying
A: no striking features
a: no special abilities


You were on level 3 of the Dungeon.
You visited 1 branch of the dungeon, and saw 3 of its levels.

You collected 112 gold pieces.

Inventory:

Hand Weapons
 a - a +0 war axe (weapon)
Armour
 b - a +0 scale mail
 c - a +0 buckler (worn)
 o - the +1 ring mail of Daxtaw (worn) {rElec rPois}
   (You found it on level 3 of the Dungeon)

   rElec:     It insulates you from electricity.
   rPois:     It protects you from poison.
Jewellery
 f - a ring of magical power (left hand)
 g - a +6 ring of strength
 h - a ring of flight (right hand)
Scrolls
 e - a scroll of torment {unknown}
 i - a scroll of enchant weapon {unknown}
 l - a scroll of poison {unknown}
 m - a scroll of blinking
Potions
 d - a potion of might
 j - a potion of mutation {unknown}
 k - a potion of brilliance
 n - a potion of degeneration
 p - a potion of curing {unknown}
 q - a potion of flight {unknown}


   Skills:
 - Level 3.6 Fighting
 + Level 6.1 Axes
 - Level 3.2 Armour
 - Level 3.2 Shields


You had 3 spell levels left.
You didn't know any spells.
Your spell library was empty.

Dungeon Overview and Level Annotations

Branches:
Dungeon (3/15)

Altars:


Message History

The orc throws a boomerang of dispersal.
You hear some strange, mumbled words.
You are confused.
You bump into the rock wall.
The orc barely misses you.
You bump into the rock wall.
The orc closely misses you.
You're too confused to move!
The orc closely misses you. Something hits you but does no damage.
You barely miss the orc. You barely miss something.
Something hits you but does no damage. The orc hits you with a +0 flail.
The orc barely misses you. Something hits you.
* * * LOW HITPOINT WARNING * * *
Found 3 scrolls of teleportation.
You feel less confused. Something hits you.
* * * LOW HITPOINT WARNING * * *
The orc throws a boomerang of dispersal.
The boomerang of dispersal completely misses you.
You hear some strange, mumbled words.
You are confused.
The orc throws a boomerang of dispersal.
The boomerang of dispersal hits you but does no damage.
You bump into the rock wall.
You're too confused to move!
Something hits you.
* * * LOW HITPOINT WARNING * * *
You bump into the rock wall.
The orc throws a boomerang of dispersal.
You closely miss the orc.
You feel less confused. The orc misses you.
You slash the orc!
You kill the orc!
You start resting.
There is a strange disturbance nearby!
You barely miss something. Something hits you.
* * * LOW HITPOINT WARNING * * *
You closely miss something.
You hear some strange, mumbled words.
A puff of flame appears from out of thin air!
The puff of flame hits you.
You die...

################
......)))......#
###.#####.####.#
.....##)####.###
#..{@.......#
#......####.#.#
...####.# #.#.#
#. #.# #.#.# ...
..#.# #?# ###.#
#.. >.##.# ..#
#.##.# #.##.#


There were no monsters in sight!

Vanquished Creatures
  An orc wizard (D:3)
  2 worms
  4 orcs (D:3)
  2 bats
  6 endoplasms
  2 giant cockroaches
  3 hobgoblins
  5 ball pythons
  2 frilled lizards
  5 goblins
  10 kobolds
  6 rats
48 creatures vanquished.

Notes
Turn   | Place    | Note
-------+----------+-------------------------------------------
     0 | D:1      | purpskrrrp the Hill Orc Fighter began the quest for the
                  | Orb.
     0 | D:1      | Reached XP level 1. HP: 19/19 MP: 1/1
    67 | D:1      | Reached skill level 3 in Axes
   126 | D:1      | Reached XP level 2. HP: 26/26 MP: 2/2
   163 | D:1      | Reached skill level 4 in Axes
   403 | D:1      | Reached XP level 3. HP: 31/31 MP: 3/3
  1124 | D:2      | Reached skill level 5 in Axes
  1415 | D:3      | Identified the +1 ring mail of Daxtaw {rElec rPois}
  1708 | D:3      | Reached XP level 4. HP: 16/39 MP: 4/4
  1709 | D:3      | Reached skill level 6 in Axes
  1738 | D:3      | Killed from afar by an orc wizard

Illustrated notes

Levels and vault maps discovered:
D:1:      minmay_arrival_three_doors, layout_rooms, minmay_3d_cube
D:2:      layout_basic, nicolae_elevator_lobby_plus
D:3:      layout_loops_ring, nicolae_overflow_crystal_walls,
          chequers_decorated_corner, minmay_ogre_servants, uniq_robin

Skill      XL: |  1  2  3  4 |
---------------+-------------+-----
Axes           | 3 4 5 6 |  6.1
Fighting       | |  3.6
Armour         | |  3.2
Shields        | |  3.2

Action                   |  1- 3 |  4- 6 || total
-------------------------+-------+-------++-------
Melee: War axe           |   100 |    15 ||   115
  Use: Scroll            |     8 |       ||     8
Armor: Scale mail        |    28 |       ||    28
       Ring mail         |     2 |     4 ||     6
Dodge: Dodged            |    35 |    10 ||    45
Block: Buckler           |    22 |     3 ||    25

Table legend: (Time is in decaauts)
 A = Elapsed time spent in this place.
 B = Non-inter-level travel time spent in this place.
 C = Inter-level travel time spent in this place.
 D = Time resting spent in this place.
 E = Time spent auto-exploring this place.
 F = Levels seen in this place.
 G = Mean time per level.
                   A        B        C        D        E       F      G
               +--------+--------+--------+--------+--------+-----+--------+
         Total |   1772 |   1733 |     39 |    315 |   1089 |   3 |  590.7 |
       Dungeon |   1772 |   1733 |     39 |    315 |   1089 |   3 |  590.7 |
               +--------+--------+--------+--------+--------+-----+--------+

Top non-repeatable levels by time:
     D:1: 725 daAuts
     D:2: 713 daAuts
     D:3: 333 daAuts
